 Seeded DCSS version 0.30.1-6-gbe392663c4 (webtiles) character file.

Game seed: 1416809328348268147 (custom seed)

2 Psyclone the Chiller (level 1, 10/10 HPs)
             Began as a Deep Elf Ice Elementalist on Sept 20, 2023.
             Quit the game on level 1 of the Dungeon.
             The game lasted 00:00:34 (111 turns).

Psyclone the Chiller (Deep Elf Ice Elementalist)     Turns: 111, Time: 00:00:35

Health: 10/10      AC:  2    Str:  5    XL:     1   Next: 33%
Magic:  5/6        EV: 12    Int: 19    God:
Gold:   32         SH:  0    Dex: 15    Spells: 5/6 levels left

rFire   . . .        (no weapon)
rCold   . . .        (no shield)
rNeg    . . .        a - +0 robe
rPois   .            (no helmet)
rElec   .            (no cloak)
rCorr   .            (no gloves)
SInv    .            (no boots)
Will    .....        (no amulet)
Stlth   ++           (no ring)
HPRegen 0.21/turn    (no ring)
MPRegen 0.10/turn

%: no passive effects
@: no status effects
A: no striking features
a: no special abilities


You were on level 1 of the Dungeon.
You visited 1 branch of the dungeon, and saw 1 of its levels.

You collected 32 gold pieces.

Inventory:

Armour
 a - a +0 robe (worn)
Jewellery
 d - a +6 ring of intelligence
Scrolls
 c - 2 scrolls of identify {unknown}
Potions
 b - a potion of magic


   Skills:
 - Level 2.4 Dodging
 - Level 2.4 Stealth
 - Level 3.0 Spellcasting
 + Level 4.5 Ice Magic


You had 5 spell levels left.
You knew the following spells:

 Your Spells              Type           Power      Damage    Failure   Level
a - Freeze                Ice            80%        1d9       2%          1

Your spell library contained the following spells:

 Spells                   Type           Power      Damage    Failure   Level
 Frozen Ramparts          Ice            40%        1d7       7%          3
 Ozocubu's Armour         Ice            20%        N/A       7%          3
 Summon Ice Beast         Ice/Summ       11%        N/A       52%         4


Dungeon Overview and Level Annotations

Branches:
Dungeon (1/15) Zot: 5889

Altars:


Message History

You freeze the endoplasm.
You kill the endoplasm!
You now have 3/6 mp.
You now have 32 gold pieces (gained 16).
You start resting.
HP restored.
Health restored: 10 You regained 2 mp, and now have 5/6 mp.
You start resting.
Magic restored.
MP restored: 6 You open the door.
Found a bone ring.
Found a scroll labelled INKEOXKO LUJOI.
There is an open door here.
c - 2 scrolls labelled INKEOXKO LUJOI (gained 1)
d - a +6 ring of intelligence A ball python comes into view.
The ball python hisses angrily.
Casting: Freeze (safe; 2% risk of failure)
Confirm with . or Enter, or press ? or * to list all spells.
Aiming: Freeze (safe; 2% risk of failure)
Press: ? - help, Shift-Dir - straight line, f - ball python
Aim: a ball python You freeze the ball python.
The ball python is severely wounded.
The ball python barely misses you. The ball python grabs you.
The ball python constricts you. The ball python closely misses you.
The ball python constricts you.
You now have 5/6 mp.
Casting: Freeze (safe; 2% risk of failure)
Confirm with . or Enter, or press ? or * to list all spells.
Aiming: Freeze (safe; 2% risk of failure)
Press: ? - help, Shift-Dir - straight line, f/p - ball python
Aim: a ball python (severely wounded, constricting you)
You freeze the ball python.
You kill the ball python!
You now have 4/6 mp.
There is an open door here.
Are you sure you want to abandon this character and quit the game? (Confirm with "yes".)

#... #... # .... # ..
... ############ . #.#
#........##.
.###.######.....##..'.
..##............#####.
#.##.@.......#### ###
#.##.........# #o#
#.##.....###### #####
#.######.#....# #x#..
#.######'#....# ###.#
#.............# #^#.#
#.............# ###.#
##............# #p#.#
#............# ###.#


There were no monsters in sight!

Vanquished Creatures
  A ball python (D:1)
  An endoplasm (D:1)
2 creatures vanquished.

Notes
Turn   | Place    | Note
-------+----------+-------------------------------------------
     0 | D:1      | Psyclone the Deep Elf Ice Elementalist began the quest for
                  | the Orb.
     0 | D:1      | Reached XP level 1. HP: 10/10 MP: 6/6
     0 | D:1      | Noticed a minotaur
     0 | D:1      | Noticed a gargoyle
     3 | D:1      | Noticed an elf
     5 | D:1      | Noticed a dwarf
     7 | D:1      | Noticed a dwarf
     8 | D:1      | Noticed a vine stalker
    10 | D:1      | Noticed an octopode
    10 | D:1      | Noticed an elf
    12 | D:1      | Noticed an octopode
    13 | D:1      | Noticed a demigod
    14 | D:1      | Noticed a gargoyle
    17 | D:1      | Noticed a demonspawn
    19 | D:1      | Noticed a vampire
    19 | D:1      | Noticed an octopode
   111 | D:1      | Quit the game

Illustrated notes

Levels and vault maps discovered:
D:1:      shiori_arrival_whats_in_store_for_you, layout_basic

Action                     || total
---------------------------++-------
   Cast: Freeze            ||     5
  Dodge: Dodged            ||     2
